TOP OF THE 1ST |
Indiana Hounds batting - Pitching for Tuscaloosa Trout Slayers : RHP Chris Chamberlain
|
Pitching: RHP Chris Chamberlain
|
|
Batting: RHB Javier Martínez
|
0-0: SINGLE (Line Drive, 4D)
|
Batting: RHB Doug Murray
|
0-0: Called Strike Javier Martínez is caught stealing 2nd base 0-1: Ball 1-1: Ball 2-1: Called Strike 2-2: Ball 3-2: Fly out, F9 (Flyball, 9LS)
|
Batting: RHB Jeff Jones
|
0-0: Called Strike 0-1: Ball 1-1: Foul Ball, location: 2F 1-2: Ball 2-2: Fly out, F9 (Flyball, 9S)
|
Top of the 1st over - 0 run(s), 1 hit(s), 0 error(s), 0 left on base; Indiana 0 - Tuscaloosa 0 |
BOTTOM OF THE 1ST |
Tuscaloosa Trout Slayers batting - Pitching for Indiana Hounds : LHP Daniel Gregory
|
Pitching: LHP Daniel Gregory
|
|
Batting: RHB Pat Fullerton
|
0-0: Foul Ball, location: 2F 0-1: Called Strike 0-2: Foul Ball, location: 2F 0-2: Foul Ball, location: 2F 0-2: Strikes out swinging
|
Batting: RHB José Fernández
|
0-0: Called Strike 0-1: Ball 1-1: Swinging Strike 1-2: Ball 2-2: Strikes out swinging
|
Batting: LHB Marcos Villarreal
|
0-0: SINGLE (Line Drive, 9S)
|
Batting: RHB Shigemasa Ishida
|
0-0: Ball 1-0: Foul Ball, location: 2F 1-1: DOUBLE (Line Drive, 78D) Marcos Villarreal to third Runner from 3rd tries for Home, SAFE, no throw
|
Batting: RHB Jason Erickson
|
0-0: Ground out 4-3 (Groundball, 4)
|
Bottom of the 1st over - 1 run(s), 2 hit(s), 0 error(s), 1 left on base; Indiana 0 - Tuscaloosa 1 |
TOP OF THE 2ND |
Indiana Hounds batting - Pitching for Tuscaloosa Trout Slayers : RHP Chris Chamberlain
|
Batting: LHB Denny Poole
|
0-0: Ground out 1-3 (Groundball, 13S)
|
Batting: RHB Octávio Marín
|
0-0: Swinging Strike 0-1: Foul Ball, location: 2F 0-2: Strikes out swinging
|
Batting: LHB Dave Watson
|
0-0: Swinging Strike 0-1: SINGLE (Flyball, 89S)
|
Batting: RHB Francisco Tañón
|
0-0: Foul Ball, location: 2F 0-1: Called Strike 0-2: Foul Ball, location: 2F 0-2: Strikes out swinging
|
Top of the 2nd over - 0 run(s), 1 hit(s), 0 error(s), 1 left on base; Indiana 0 - Tuscaloosa 1 |
BOTTOM OF THE 2ND |
Tuscaloosa Trout Slayers batting - Pitching for Indiana Hounds : LHP Daniel Gregory
|
Batting: RHB Jason Saunders
|
0-0: Ball 1-0: Called Strike 1-1: Foul Ball, location: 2F 1-2: Ground out 4-3 (Groundball, 4)
|
Batting: RHB Alfredo Díaz
|
0-0: Swinging Strike 0-1: Ball 1-1: SOLO HOME RUN (Flyball, 9LD), Distance : 361 ft
|
Batting: RHB Tetsunori Ito
|
0-0: SINGLE (Line Drive, 34D)
|
Batting: RHB Lowie van den Bogaert
|
0-0: Called Strike 0-1: Foul Ball, location: 2F 0-2: SINGLE (Groundball, 56D) Tetsunori Ito to second
|
Batting: RHB Pat Fullerton
|
0-0: Called Strike 0-1: Foul Ball, location: 2F 0-2: Foul Ball, location: 2F 0-2: Ball 1-2: Fielders Choice at 2nd, 2-6 (Groundball, 2R) Tetsunori Ito to third
|
Batting: RHB José Fernández
|
0-0: Ball 1-0: Called Strike 1-1: Foul Ball, location: 2F 1-2: Foul Ball, location: 2F 1-2: Strikes out looking
|
Bottom of the 2nd over - 1 run(s), 3 hit(s), 0 error(s), 2 left on base; Indiana 0 - Tuscaloosa 2 |
TOP OF THE 3RD |
Indiana Hounds batting - Pitching for Tuscaloosa Trout Slayers : RHP Chris Chamberlain
|
Batting: SHB Charles Alexander
|
0-0: Called Strike 0-1: Ball 1-1: Foul Ball, location: 2F 1-2: Ball 2-2: Ball 3-2: Ground out 5-3 (Groundball, 56)
|
Batting: LHB Dave Helásquez
|
0-0: Called Strike 0-1: Ball 1-1: Called Strike 1-2: Strikes out swinging
|
Batting: RHB Javier Martínez
|
0-0: Ball 1-0: Foul Ball, location: 2F 1-1: Foul Ball, location: 2F 1-2: Fly out, F8 (Flyball, 89D)
|
Top of the 3rd over - 0 run(s), 0 hit(s), 0 error(s), 0 left on base; Indiana 0 - Tuscaloosa 2 |
BOTTOM OF THE 3RD |
Tuscaloosa Trout Slayers batting - Pitching for Indiana Hounds : LHP Daniel Gregory
|
Batting: LHB Marcos Villarreal
|
0-0: Ball 1-0: Called Strike 1-1: Called Strike 1-2: Foul Ball, location: 2F 1-2: Strikes out swinging
|
Batting: RHB Shigemasa Ishida
|
0-0: SINGLE (Groundball, 56D)
|
Batting: RHB Jason Erickson
|
0-0: DOUBLE (Flyball, 8LD) Shigemasa Ishida to third
|
Batting: RHB Jason Saunders
|
0-0: Ball 1-0: Swinging Strike 1-1: Called Strike 1-2: Foul Ball, location: 2F 1-2: Ground out 5-3 (Groundball, 56S) Shigemasa Ishida scores Jason Erickson to third
|
Batting: RHB Alfredo Díaz
|
0-0: Ground out 6-3 (Groundball, 6)
|
Bottom of the 3rd over - 1 run(s), 2 hit(s), 0 error(s), 1 left on base; Indiana 0 - Tuscaloosa 3 |
TOP OF THE 4TH |
Indiana Hounds batting - Pitching for Tuscaloosa Trout Slayers : RHP Chris Chamberlain
|
Batting: RHB Doug Murray
|
0-0: Called Strike 0-1: Ball 1-1: Ball 2-1: Ball 3-1: Called Strike 3-2: Fly out, F5 (Popup, 5L)
|
Batting: RHB Jeff Jones
|
0-0: Ball 1-0: Called Strike 1-1: Foul Ball, location: 2F 1-2: Ball 2-2: Foul Ball, location: 2F 2-2: Ball 3-2: Foul Ball, location: 2F 3-2: Foul Ball, location: 2F 3-2: Base on Balls
|
Batting: LHB Denny Poole
|
0-0: Called Strike 0-1: Swinging Strike 0-2: Foul Ball, location: 2F 0-2: Ball 1-2: Ball 2-2: Fielders Choice at 2nd, 4-6 (Groundball, 34)
|
Batting: RHB Octávio Marín
|
0-0: Ball 1-0: Ball 2-0: Ball 3-0: Swinging Strike 3-1: Foul Ball, location: 2F 3-2: Ground out 4-3 (Groundball, 4)
|
Top of the 4th over - 0 run(s), 0 hit(s), 0 error(s), 1 left on base; Indiana 0 - Tuscaloosa 3 |
BOTTOM OF THE 4TH |
Tuscaloosa Trout Slayers batting - Pitching for Indiana Hounds : LHP Daniel Gregory
|
Batting: RHB Tetsunori Ito
|
0-0: Ball 1-0: Ball 2-0: Ball 3-0: Base on Balls
|
Batting: RHB Lowie van den Bogaert
|
0-0: Swinging Strike 0-1: Ball 1-1: Ball 2-1: Ball 3-1: Called Strike 3-2: Ground out 5-3 (Groundball, 5S) Tetsunori Ito to second
|
Batting: RHB Pat Fullerton
|
0-0: Ball 1-0: Called Strike 1-1: Foul Ball, location: 2F 1-2: Fly out, F7 (Flyball, 7LDF) Runner from 2nd tags up, SAFE at 3rd, no throw
|
Batting: RHB José Fernández
|
0-0: Called Strike 0-1: Ball 1-1: Ball 2-1: Ball 3-1: Foul Ball, location: 2F 3-2: Foul Ball, location: 2F 3-2: Base on Balls
|
Batting: LHB Marcos Villarreal
|
0-0: Ball 1-0: SINGLE (Groundball, 6MD) Tetsunori Ito scores José Fernández to second
|
Batting: RHB Shigemasa Ishida
|
0-0: Ball 1-0: Ball 2-0: Foul Ball, location: 2F 2-1: Foul Ball, location: 2F 2-2: Foul Ball, location: 2F 2-2: Foul Ball, location: 2F 2-2: Strikes out swinging
|
Bottom of the 4th over - 1 run(s), 1 hit(s), 0 error(s), 2 left on base; Indiana 0 - Tuscaloosa 4 |
TOP OF THE 5TH |
Indiana Hounds batting - Pitching for Tuscaloosa Trout Slayers : RHP Chris Chamberlain
|
Batting: LHB Dave Watson
|
0-0: SINGLE (Groundball, 4D)
|
Batting: RHB Francisco Tañón
|
0-0: Swinging Strike 0-1: Foul Ball, location: 2F 0-2: Fly out, F9 (Flyball, 9S)
|
Batting: SHB Charles Alexander
|
0-0: Ball 1-0: Ball 2-0: Called Strike 2-1: Foul Ball, location: 2F 2-2: Foul Ball, location: 2F 2-2: Foul Ball, location: 2F 2-2: Ball 3-2: Base on Balls Dave Watson to second
|
Batting: LHB Dave Helásquez
|
0-0: Ball 1-0: Called Strike 1-1: Swinging Strike 1-2: Ball 2-2: Strikes out looking
|
Batting: RHB Javier Martínez
|
0-0: Fly out, F6 (Line Drive, 6M)
|
Top of the 5th over - 0 run(s), 1 hit(s), 0 error(s), 2 left on base; Indiana 0 - Tuscaloosa 4 |
BOTTOM OF THE 5TH |
Tuscaloosa Trout Slayers batting - Pitching for Indiana Hounds : LHP Daniel Gregory
|
Batting: RHB Jason Erickson
|
0-0: Swinging Strike 0-1: Foul Ball, location: 2F 0-2: Ground out 5-3 (Groundball, 5S)
|
Batting: RHB Jason Saunders
|
0-0: Ball 1-0: Fly out, F9 (Line Drive, 9)
|
Batting: RHB Alfredo Díaz
|
0-0: Ball 1-0: Swinging Strike 1-1: Ball 2-1: Foul Ball, location: 2F 2-2: Strikes out swinging
|
Bottom of the 5th over - 0 run(s), 0 hit(s), 0 error(s), 0 left on base; Indiana 0 - Tuscaloosa 4 |
TOP OF THE 6TH |
Indiana Hounds batting - Pitching for Tuscaloosa Trout Slayers : RHP Chris Chamberlain
|
Batting: RHB Doug Murray
|
0-0: Ball 1-0: Ball 2-0: Ball 3-0: Called Strike 3-1: Swinging Strike 3-2: Strikes out swinging
|
Batting: RHB Jeff Jones
|
0-0: Foul Ball, location: 2F 0-1: Foul Ball, location: 2F 0-2: Foul Ball, location: 2F 0-2: Ball 1-2: Ball 2-2: Ball 3-2: DOUBLE (Line Drive, 9LM)
|
Batting: LHB Denny Poole
|
0-0: Fly out, F6 (Popup, 6M)
|
Batting: RHB Octávio Marín
|
0-0: Called Strike 0-1: Foul Ball, location: 2F 0-2: Ball 1-2: Fly out, F9 (Flyball, 9LM)
|
Top of the 6th over - 0 run(s), 1 hit(s), 0 error(s), 1 left on base; Indiana 0 - Tuscaloosa 4 |
BOTTOM OF THE 6TH |
Tuscaloosa Trout Slayers batting - Pitching for Indiana Hounds : LHP Daniel Gregory
|
Pitching: RHP Ronald Moore
|
|
Batting: RHB Tetsunori Ito
|
0-0: Called Strike 0-1: Ball 1-1: SINGLE (Groundball, 56D)
|
Batting: RHB Lowie van den Bogaert
|
0-0: Foul Ball, location: 2F 0-1: Ball 1-1: Swinging Strike 1-2: Strikes out swinging
|
Batting: RHB Pat Fullerton
|
0-0: Ball 1-0: Called Strike 1-1: Swinging Strike 1-2: Strikes out swinging
|
Batting: RHB José Fernández
|
0-0: Ball 1-0: Foul Ball, location: 2F 1-1: Ball 2-1: Ground out 4-3 (Groundball, 4S)
|
Bottom of the 6th over - 0 run(s), 1 hit(s), 0 error(s), 1 left on base; Indiana 0 - Tuscaloosa 4 |
TOP OF THE 7TH |
Indiana Hounds batting - Pitching for Tuscaloosa Trout Slayers : RHP Chris Chamberlain
|
Batting: LHB Dave Watson
|
0-0: Ball 1-0: Swinging Strike 1-1: Ball 2-1: Ball 3-1: Foul Ball, location: 2F 3-2: Strikes out swinging
|
Pitching: RHP Juan Patino
|
|
Batting: RHB Francisco Tañón
|
0-0: Ball 1-0: Ground out 3-1 (Groundball, 23)
|
Batting: SHB Charles Alexander
|
0-0: Fly out, F3 (Popup, 3S)
|
Top of the 7th over - 0 run(s), 0 hit(s), 0 error(s), 0 left on base; Indiana 0 - Tuscaloosa 4 |
BOTTOM OF THE 7TH |
Tuscaloosa Trout Slayers batting - Pitching for Indiana Hounds : RHP Ronald Moore
|
Batting: LHB Marcos Villarreal
|
0-0: Called Strike 0-1: Ball 1-1: Foul Ball, location: 2F 1-2: Foul Ball, location: 2F 1-2: Foul Ball, location: 2F 1-2: Fly out, F8 (Flyball, 8LM)
|
Batting: RHB Shigemasa Ishida
|
0-0: Ball 1-0: Ball 2-0: Called Strike 2-1: Ball 3-1: SINGLE (Flyball, 8LS)
|
Batting: RHB Jason Erickson
|
0-0: Swinging Strike 0-1: Swinging Strike 0-2: Ball 1-2: Ball 2-2: Foul Ball, location: 2F 2-2: Foul Ball, location: 2F 2-2: Strikes out swinging
|
Batting: RHB Jason Saunders
|
0-0: Ball 1-0: Called Strike 1-1: Fielders Choice at 2nd, 4-6 (Groundball, 4)
|
Bottom of the 7th over - 0 run(s), 1 hit(s), 0 error(s), 0 left on base; Indiana 0 - Tuscaloosa 4 |
TOP OF THE 8TH |
Indiana Hounds batting - Pitching for Tuscaloosa Trout Slayers : RHP Juan Patino
|
Batting: LHB Dave Helásquez
|
0-0: Swinging Strike 0-1: Ball 1-1: Called Strike 1-2: Ground out U3 (Groundball, 3)
|
Batting: RHB Javier Martínez
|
0-0: Ball 1-0: Ball 2-0: Ball 3-0: Called Strike 3-1: Called Strike 3-2: SINGLE (Groundball, 56D)
|
Batting: RHB Doug Murray
|
0-0: Called Strike 0-1: Foul Ball, location: 2F 0-2: Ball 1-2: Strikes out looking
|
Batting: RHB Jeff Jones
|
0-0: Ground out 4-3 (Groundball, 4S)
|
Top of the 8th over - 0 run(s), 1 hit(s), 0 error(s), 1 left on base; Indiana 0 - Tuscaloosa 4 |
BOTTOM OF THE 8TH |
Tuscaloosa Trout Slayers batting - Pitching for Indiana Hounds : RHP Ronald Moore
|
Batting: RHB Alfredo Díaz
|
0-0: Called Strike 0-1: Ball 1-1: Ball 2-1: Ball 3-1: Called Strike 3-2: Ground out 6-3 (Groundball, 6)
|
Batting: RHB Tetsunori Ito
|
0-0: Ball 1-0: Ball 2-0: Fly out, F8 (Line Drive, 89D)
|
Batting: RHB Lowie van den Bogaert
|
0-0: Ground out 6-3 (Groundball, 6)
|
Bottom of the 8th over - 0 run(s), 0 hit(s), 0 error(s), 0 left on base; Indiana 0 - Tuscaloosa 4 |
TOP OF THE 9TH |
Indiana Hounds batting - Pitching for Tuscaloosa Trout Slayers : RHP Juan Patino
|
Batting: LHB Denny Poole
|
0-0: Called Strike 0-1: Fly out, F7 (Flyball, 78S)
|
Batting: RHB Octávio Marín
|
0-0: Swinging Strike 0-1: Called Strike 0-2: Ball 1-2: Ground out 4-3 (Groundball, 4)
|
Batting: LHB Dave Watson
|
0-0: Foul Ball, location: 2F 0-1: Ball 1-1: SINGLE (Line Drive, 9S)
|
Batting: RHB Francisco Tañón
|
0-0: Foul Ball, location: 2F 0-1: Foul Ball, location: 2F 0-2: Fielders Choice at 2nd, 4-6 (Groundball, 4)
|
Top of the 9th over - 0 run(s), 1 hit(s), 0 error(s), 0 left on base; Indiana 0 - Tuscaloosa 4 |
|